AoeStats
← 荷蘭牛

Arabia

503328918Analyzed
1v1 RM · 1mo ago on Aug 31, 2026· 45m 11s· 2 players
Game mode
Random Map
Map size
Tiny (2 player)
Population
200
Speed
Normal
Resources
Standard
Victory
Conquest
Starting age
Dark Age
Ending age
Imperial Age
RankedLock teamsTeams togetherTeam positionsShared explorationLock speedFull tech treeHidden civsTurbo modeCheats
Victory
Defeat
🇹🇼 Goths · Taiwan
1325
+14
🇲🇽 Mongols · Mexico
1272
-14
ALV-Compa Robemmanml
6:50 Loom
8:41 Feudal Age
9:46 Double-Bit Axe
21:51 Castle Age
20:25 Stone Mining
22:06 Scale Barding Armor
30:26 Horse Collar
34:54 Ballistics
38:27 Imperial Age
36:26 Fletching
37:15 Padded Archer Armor
37:32 Bloodlines
38:12 Masonry
37:46 Light Cavalry
38:38 Heavy Plow
39:39 Conscription
39:16 Hussar
39:56 Husbandry
40:51 Wheelbarrow
40:26 Husbandry
40:54 Parthian Tactics
40:32 Town Watch
41:37 Town Patrol
荷蘭牛
9:19 Feudal Age
9:24 Man-at-Arms
10:51 Double-Bit Axe
11:14 Loom
16:07 Fletching
23:50 Castle Age
23:20 Scale Mail Armor
24:48 Bow Saw
24:01 Long Swordsman
24:43 Squires
24:39 Pikeman
25:58 Horse Collar
28:43 Wheelbarrow
27:46 Elite Skirmisher
28:40 Forging
29:21 Sanctity
29:19 Gold Mining
31:31 Bodkin Arrow
31:47 Town Watch
32:48 Ballistics
37:08 Imperial Age
36:24 Hand Cart
37:09 Iron Casting
36:38 Padded Archer Armor
37:16 Two-Handed Swordsman
37:19 Halberdier
39:21 Bracer
39:11 Elite Huskarl
40:42 Chain Mail Armor
40:43 Leather Archer Armor
40:51 Perfusion
41:40 Conscription
41:01 Champion
42:16 Anarchy
44:50 Blast Furnace
45:16 Chemistry
Connection lost

Rejoining the realm…

Still unreachable

The connection could not be restored.

Session expired

The server has moved on; the page needs a fresh start.